 Dungeon Crawl Stone Soup version 0.30.1-11-g7821555f0a (webtiles) character file.

Game seed: 5308465867955559037

2 Kingubu the Sneak (level 1, -1/15 HPs)
             Began as a Naga Hedge Wizard on Jan 7, 2024.
             Slain by a jackal (2 damage)
             ... on level 1 of the Dungeon.
             The game lasted 00:00:59 (28 turns).

Kingubu the Sneak (Naga Hedge Wizard)                 Turns: 28, Time: 00:01:00

Health: -1/15      AC:  1    Str: 12    XL:     1   Next: 30%
Magic:  3/4        EV:  9    Int: 14    God:
Gold:   0          SH:  0    Dex: 10    Spells: 5/6 levels left

rFire   . . .        a - +0 dagger
rCold   . . .        (no shield)
rNeg    . . .        b - +0 robe
rPois   +            c - +0 hat
rElec   .            (no cloak)
rCorr   .            (no gloves)
SInv    +            (no barding)
Will    .....        (no amulet)
Stlth   ++           (no ring)
HPRegen 0.22/turn    (no ring)
MPRegen 0.09/turn

%: no passive effects
@: very slow
A: AC +0, large, see invisible, deformed body, poison resistance, slowness 2,
spit poison 1, naga tail 1
a: Spit Poison


You were on level 1 of the Dungeon.
You visited 1 branch of the dungeon, and saw 1 of its levels.

Inventory:

Hand Weapons
 a - a +0 dagger (weapon)
Armour
 b - a +0 robe (worn)
 c - a +0 hat (worn)
Potions
 d - a potion of magic


   Skills:
 + Level 0.0 Short Blades
 + Level 1.5 Dodging
 * Level 3.1 Stealth
 - Level 3.0 Spellcasting
 - Level 1.0 Conjurations
 + Level 1.0 Summonings
 * Level 1.1 Translocations


You had 5 spell levels left.
You knew the following spells:

 Your Spells              Type           Power      Damage    Failure   Level
a - Magic Dart            Conj           16%        1d3       14%         1

Your spell library contained the following spells:

 Spells                   Type           Power      Damage    Failure   Level
 Blink                    Tloc           10%        N/A       21%         2
 Slow                     Hex            8%         N/A       22%         1
 Call Imp                 Summ           10%        N/A       22%         2
 Cigotuvi's Dreadful Rot  Necr/Pois/Air  4%         N/A       32%         2
 Mephitic Cloud           Conj/Pois/Air  3%         N/A       50%         3


Dungeon Overview and Level Annotations

Branches:
Dungeon (1/15)

Altars:


Innate Abilities, Weirdness & Mutations

Your serpentine skin is tough. (AC +0)
You have supernaturally acute eyesight. (SInv)
Armour fits poorly on your strangely shaped body.
Your system is resistant to poisons. (rPois)
You cover ground very slowly.
You can spit poison.
You have a snake-like lower body.


Message History

A jackal comes into view.
The jackal barks!
You hit the jackal but do no damage.
The jackal is severely wounded.
The jackal bites you. x2
The jackal attacks as you move away! The jackal barely misses you.
The jackal bites you but does no damage. x2
There is a staircase leading out of the dungeon here.
The jackal attacks as you move away! The jackal closely misses you.
Found 16 gold pieces.
The jackal bites you but does no damage.
The jackal barely misses you. The jackal bites you.
The jackal attacks as you move away!
The jackal bites you but does no damage.
A ball python comes into view.
The jackal barely misses you.
You barely miss the jackal. The jackal bites you.
You hit the jackal.
The jackal is heavily wounded.
The jackal bites you but does no damage.
The jackal bites you.
You barely miss the jackal.
The jackal is heavily wounded.
The jackal bites you. x2
* * * LOW HITPOINT WARNING * * *
You hit the jackal.
You kill the jackal!
The jackal bites you.
* * * LOW HITPOINT WARNING * * *
The jackal bites you.
* * * LOW HITPOINT WARNING * * *
You closely miss the jackal.
The jackal is heavily wounded.
The jackal bites you.
* * * LOW HITPOINT WARNING * * *
The jackal bites you but does no damage.
You hit the jackal.
The jackal is severely wounded.
The jackal closely misses you. The jackal bites you.
You die...

####### .... ####.....#
... .. ##.....⌠..# ..#
....#.).......###$.# #
........#......#...##S#
......###..............
>..h.# #..<..#........
...h. #......hh# ....
#....h.#@# ....
.........#### ...
#.....⌠..# ...
####.....# #######


You could see 2 jackals.

Vanquished Creatures
  A jackal (D:1)
  A goblin (D:1)
2 creatures vanquished.

Notes
Turn   | Place    | Note
-------+----------+-------------------------------------------
     0 | D:1      | Kingubu the Naga Hedge Wizard began the quest for the Orb.
     0 | D:1      | Reached XP level 1. HP: 15/15 MP: 4/4
    28 | D:1      | Slain by a jackal

Illustrated notes

Levels and vault maps discovered:
D:1:      dpeg_arrival_arbitrary_c, layout_rooms, st_stairs_2,
          minmay_misc_feat_x, kennysheep_another_room, kennysheep_nondescript,
          minmay_tetromino_l2

Action                     || total
---------------------------++-------
  Melee: Dagger            ||    10
   Cast: Magic Dart        ||     3
 Armour: Robe              ||     6
  Dodge: Dodged            ||     8
